 Dungeon Crawl Stone Soup version 0.19-a0-376-gf780d9b (webtiles) character file.

169712 tsouns the Unseen (level 17, -5/117 HPs)
             Began as an Octopode Assassin on May 29, 2016.
             Was the Champion of Hepliaklqana.
             Slain by a spark wasp (14 damage)
             ... on level 3 of the Spider Nest on May 30, 2016.
             The game lasted 03:04:59 (37272 turns).

tsouns the Unseen (Octopode Assassin)              Turns: 37272, Time: 03:04:59

Health: -5/117     AC: 10    Str: 12    XL:     17   Next: 97%
Magic:  28/32      EV: 21    Int: 28    God:    Hepliaklqana [******]
Gold:   2472       SH: 16    Dex: 17    Spells: 7 memorised, 2 levels left

rFire  x . .     SeeInvis +     p - +9 dagger of Chilly Death {flash freeze, rPois rF- rC++ MR+}
rCold  + + +     Gourm    .     w - +3 shield of Iwif {MP+9 Str+2}
rNeg   + . .     Faith    .     x - +2 hat
rPois  +         Spirit   .     m - amulet of regeneration
rElec  .         Dismiss  .     l - ring of wizardry
rCorr  .         Reflect  .     M - ring of stealth
SustAt .         Harm     .     V - ring "Holeoxoe" {+Fly Int+3}
MR     ++...                    U - ring of protection from cold
Stlth  ++++++++++               n - ring of wizardry
                                z - ring "Wooddoin" {*Drain rN+ Int+5 Dex+3 SInv}
                                a - +4 ring of protection
                                H - +2 ring of protection

@: very resistant to hostile enchantments, uncannily stealthy
A: almost no armour, amphibious, 8 rings, constrict 8, molten scales 1,
camouflage 1, gelatinous body 1
a: Recall Ancestor, Ancestor Identity, Transference, Idealise, Renounce
Religion, Evoke Flight


You were on level 3 of the Spider Nest.
You worshipped Hepliaklqana.
Hepliaklqana was exalted by your worship.
You were not hungry.

You visited 6 branches of the dungeon, and saw 32 of its levels.
You also visited: Labyrinth, Sewer, Ice Cave and Wizlab.

You collected 2973 gold pieces.
You spent 501 gold pieces at shops.

Inventory:

Hand Weapons
 b - a +0 blowgun
 p - the +9 dagger of Chilly Death (weapon) {flash freeze, rPois rF- rC++ MR+}
   (You found it on level 4 of the Dungeon)

   It has been specially enchanted to freeze those struck by it, causing extra
   injury to most foes and up to half again as much damage against particularly
   susceptible opponents.
   It can also slow down cold-blooded creatures.
   It makes you vulnerable to fire.
   It greatly protects you from cold.
   It protects you from poison.
   It affects your resistance to hostile enchantments.
 X - a +2 dagger of electrocution
Missiles
 j - 2 curare-tipped needles
 G - 11 javelins (quivered)
Armour
 w - the +3 shield of Iwif (worn) {MP+9 Str+2}
   (You found it on level 6 of the Dungeon)

   It affects your strength (+2).
   It affects your magic capacity (+9).
 x - a +2 hat (worn)
Jewellery
 a - a +4 ring of protection (on tentacle)
 l - a ring of wizardry (left tentacle)
 m - an amulet of regeneration (around mantle)
 n - a ring of wizardry (on tentacle)
 z - the ring "Wooddoin" (on tentacle) {*Drain rN+ Int+5 Dex+3 SInv}
   (You acquired it on level 15 of the Dungeon)

   [ring of positive energy]

   It affects your intelligence (+5).
   It affects your dexterity (+3).
   It protects you from negative energy.
   It lets you see invisible.
   It causes draining when unequipped.
 H - a +2 ring of protection (on tentacle)
 M - a ring of stealth (right tentacle)
 U - a ring of protection from cold (on tentacle)
 V - the ring "Holeoxoe" (on tentacle) {+Fly Int+3}
   (You acquired it on level 5 of the Lair of Beasts)

   [ring of intelligence]

   It affects your intelligence (+3).
   It lets you fly.
Wands
 q - a wand of lightning (5/15)
 t - a wand of iceblast (5/15)
 C - a wand of confusion (23/48)
 D - a wand of teleportation (5/9)
 F - a wand of polymorph (5/24)
 K - a wand of confusion (29/48)
 O - a wand of iceblast (2/15)
 P - a wand of paralysis (5/24)
Scrolls
 e - 13 scrolls of remove curse
 i - a scroll of summoning
 u - 3 scrolls of recharging
 y - a scroll of blinking
 E - 6 scrolls of teleportation
 L - 7 scrolls of magic mapping
 N - a scroll of fear
 Q - 2 scrolls of enchant weapon
 S - 3 scrolls of enchant armour
 T - 5 scrolls of fog
 W - 4 scrolls of identify
Potions
 c - 2 potions of invisibility
 d - 3 potions of resistance
 h - 3 potions of magic
 k - 3 potions of flight
 o - 3 potions of ambrosia
 r - 2 potions of brilliance
 s - 6 potions of might
 v - a potion of heal wounds
 A - 3 potions of agility
 B - 2 potions of haste
 I - 10 potions of curing
 J - 6 potions of cancellation
Miscellaneous
 R - a phial of floods
 Y - a disc of storms
Comestibles
 f - 11 bread rations
 g - 11 meat rations


   Skills:
 + Level 11.2 Fighting
 - Level 10.0 Short Blades
 - Level 2.0 Throwing
 + Level 11.4 Dodging
 + Level 20.1 Stealth
 - Level 15.0 Shields
 - Level 4.0 Spellcasting
 - Level 6.6 Hexes
 * Level 4.2 Translocations
 - Level 7.4 Ice Magic
 - Level 8.0 Invocations
 + Level 8.3 Evocations


You had 2 spell levels left.
You knew the following spells:

 Your Spells              Type           Power        Failure   Level  Hunger
a - Controlled Blink      Tloc           N/A          100%        8    #######
b - Ensorcelled Hibernat  Hex/Ice        #####.       1%          2    None
c - Ozocubu's Armour      Chrm/Ice       ####....     1%          3    ##.....
d - Apportation           Tloc           ####......   1%          1    None
e - Blink                 Tloc           N/A          1%          2    None
f - Shroud of Golubria    Chrm/Tloc      ###.......   1%          2    None
g - Ice Form              Ice/Tmut       ####....     4%          4    ####...


Dungeon Overview and Level Annotations

Branches:
Dungeon (15/15)            Temple (0/1) D:7            Lair (8/8) D:11
 Shoals (0/4) Lair:3       Spider (3/4) Lair:6        Slime (0/6) Lair:6
    Orc (2/2) D:10            Elf (3/3) Orc:2        Vaults (0/5) D:13
 Depths (1/5) D:15

Altars:
Cheibriados
Dithmenos
Elyvilon
Fedhas
Gozag
Hepliaklqana
Okawaru
Pakellas
Sif Muna
Trog
Zin
The Shining One
Beogh
Jiyva

Shops:
D:4 ?   D:6 :   D:10 [   Orc:2 %!(!%%((

Portals:
Trove: D:13 (give wand of hasting (9))

Annotations:
Elf:2 5 runed doors


Innate Abilities, Weirdness & Mutations

You cannot wear most types of armour.
You are amphibious.
You can wear up to eight rings at the same time.
You can use your tentacles to constrict eight enemies at once.
Your skin changes colour to match your surroundings (Stealth+).
Your rubbery body absorbs attacks. (AC +1)
You are partially covered in molten scales. (AC +1)


Message History

You freeze the redback!
You kill the redback!
You feel your intelligence returning. You block the spark wasp's attack.
Casting: Ensorcelled Hibernation
Confirm with . or Enter, or press ? or * to list all spells.
Aiming: Ensorcelled Hibernation
Press: ? - help, Shift-Dir - straight line, f - spark wasp
Aim: a spark wasp (chance to defeat MR: 51%)
The spark wasp resists with some effort.
The spark wasp stings you.
* * * LOW HITPOINT WARNING * * *
The spark wasp shocks you!
* * * LOW HITPOINT WARNING * * *
Xiuhtonal gestures at the spark wasp while chanting.
The spark wasp resists with some effort.
The spark wasp stings you.
* * * LOW HITPOINT WARNING * * *
The spark wasp shocks you!
You die...

#≈....#...........#...
####≈..........<............
##.##...............#.....^..
###.^.^.....#...............!..
#≈#.#........................^.
#≈≈....[.^......#...........#..
##≈≈>.^....#....................
##≈≈≈...#........................
#≈≈.............@..#........†....
#≈..............y........#.....#.
..........#...............†..^...
..#................R........%....
.^............#..................
#.#.........(................^...
.................................
................>................
...................#.............


You could see a spark wasp and the friendly Xiuhtonal the hexer.

Vanquished Creatures
  Frances (D:14)
  Gastronok (Lair:1)
  A ghost moth (Spider:2)
  A frost giant (IceCv)
  3 emperor scorpions
  3 spark wasps (Depths:1)
  A deep elf death mage (Elf:1)
  An ettin (Depths:1)
  4 vault guards (D:13)
  2 fire dragons (D:15)
  A minotaur (Lab)
  2 entropy weavers
  An ogre mage (D:15)
  7 hydras
  2 ice dragons
  Fannar (D:10)
  Harold (D:11)
  A death knight (D:11)
  3 catoblepae
  7 dancing weapons
  3 centaur warriors
  5 death yaks
  A tengu warrior (Depths:1)
  A deep troll shaman (Lair:8)
  6 deep elf knights
  The ghost of Leszczynek the Basher, a novice OpMo of Pakellas (D:10)
  An unseen horror (D:15)
  7 skeletal warriors
  7 hill giants
  4 lindwurms
  A wolf spider zombie (D:14)
  9 deep elf archers
  17 wolf spiders
  2 orc knights (Orc:2)
  34 deep elf magi
  A manticore (D:11)
  2 griffons
  15 orb spiders
  A hornet (Spider:1)
  9 ugly things
  An ice statue (IceCv)
  A centaur zombie (D:15)
  4 cyclopes (D:13)
  2 moths of wrath
  18 elephants
  11 spiny frogs
  3 torpor snails
  2 black mambas
  2 gargoyles
  8 rime drakes
  5 yaktaurs (Depths:1)
  2 efreet
  A freezing wraith (D:15)
  7 komodo dragons
  9 demonic crawlers
  7 trolls
  A tengu conjurer (D:14)
  21 jumping spiders
  Grinder (D:5)
  17 polar bears
  5 two-headed ogres
  A troll (shapeshifter) (D:15)
  5 slime creatures
  16 blink frogs
  An air elemental (Elf:1)
  9 tarantellas
  2 spriggans
  Sigmund (D:5)
  3 wyverns
  A wraith (D:15)
  36 redbacks
  46 yaks
  3 water elementals (Elf:1)
  2 basilisks
  4 fire bats (Depths:1)
  5 fire elementals
  A hungry ghost (D:15)
  A hippogriff (shapeshifter) (D:14)
  16 hippogriffs
  2 steam dragons
  A mottled dragon (D:13)
  3 vampire mosquitoes (D:15)
  2 wargs
  A soldier ant (D:14)
  Edmund (D:5)
  Duvessa (D:4)
  7 water moccasins
  35 orc warriors
  7 porcupines
  3 ice beasts
  3 black bears
  14 ogres
  3 wasps
  2 necrophages
  A boggart (Lair:2)
  26 wolves
  6 sky beasts
  16 centaurs
  19 crocodiles
  2 big kobolds
  10 giant frogs
  Dowan (D:4)
  A water moccasin zombie (D:6)
  10 scorpions
  A wyvern skeleton (D:13)
  7 killer bees
  A howler monkey (D:9)
  7 electric eels
  17 wights
  4 lava snakes (Lab)
  5 crimson imps
  4 giant frog zombies
  2 quasits
  2 giant frog skeletons
  8 hounds
  2 jellies
  2 centaur skeletons
  13 orc priests
  27 orc wizards
  9 iguanas
  13 worker ants
  A hell rat (Lair:7)
  9 sheep
  A hound zombie (D:7)
  3 hound skeletons
  A worker ant zombie (D:6)
  3 gnolls
  16 adders
  64 river rats
  3 shadow imps
  3 white imps (Lair:6)
  2 oozes
  An adder zombie (D:5)
  3 worms
  3 dart slugs
  8 giant geckos
  69 orcs
  3 ball pythons
  7 giant cockroaches
  9 goblins
  6 hobgoblins
  14 jackals
  9 kobolds
  2 quokkas
  7 bats
  7 giant newts
  2 jackal skeletons (D:4)
  A jackal zombie (D:5)
  2 quokka skeletons
  A quokka zombie (D:5)
  10 rats
1023 creatures vanquished.

Vanquished Creatures (collateral kills)
  Roxanne (D:15)
  3 dancing weapons
  A skeletal warrior (D:12)
  An orb spider (Spider:2)
  A wolf spider (Spider:2)
  2 deep elf magi (Elf:2)
  2 elephants
  A spiny frog (Lair:2)
  A komodo dragon (Lair:8)
  A slime creature (D:12)
  A blink frog (Lair:4)
  A redback (Depths:1)
  5 yaks
  A mottled dragon (D:13)
  A porcupine (Lair:2)
  3 orc warriors
  A centaur (Orc:2)
  An ogre (D:9)
  A phantom (D:7)
  4 wolves
  A crocodile (Lair:4)
  2 giant frogs
  A killer bee (D:9)
  A wight (D:9)
  A hound (D:8)
  An orc priest (D:11)
  2 orc wizards
  2 iguanas
  A sheep (Lair:8)
  8 river rats
  4 orcs
  A jackal (D:8)
  2 kobolds (D:8)
  A plant (Lair:5)
61 creatures vanquished.

Vanquished Creatures (others)
  A sphinx (D:10)
  A deep elf mage (D:13)
  4 centaurs (Orc:2)
  A jelly (D:13)
  34 hexers
  4 ancestors
  4 orcs (Orc:2)
  A jackal (D:10)
  A bush (D:10)
  9 fungi
  3 plants
63 creatures vanquished.

Grand Total: 1147 creatures vanquished

Notes
Turn   | Place    | Note
--------------------------------------------------------------
     0 | D:1      | tsouns the Octopode Assassin began the quest for the Orb.
     0 | D:1      | Reached XP level 1. HP: 14/14 MP: 1/1
   119 | D:1      | Reached XP level 2. HP: 10/19 MP: 2/2
   368 | D:1      | Reached skill level 6 in Stealth
   566 | D:1      | Reached XP level 3. HP: 24/24 MP: 3/3
   998 | D:2      | Found a glowing golden altar of the Shining One.
  1171 | D:2      | Reached XP level 4. HP: 20/29 MP: 4/4
  1521 | D:3      | Found a white marble altar of Elyvilon.
  1536 | D:3      | Found a shadowy altar of Dithmenos.
  1612 | D:3      | Reached XP level 5. HP: 34/34 MP: 5/5
  1790 | D:3      | Reached skill level 7 in Stealth
  1824 | D:3      | Found a glowing drain.
  1876 | Sewer    | Entered a sewer
  1988 | Sewer    | Noticed a crocodile
  1995 | Sewer    | Killed a crocodile
  1995 | Sewer    | Reached XP level 6. HP: 36/39 MP: 6/6
  2738 | D:4      | Reached skill level 8 in Stealth
  2996 | D:4      | Noticed Duvessa
  3078 | D:4      | Noticed Dowan
  3086 | D:4      | Killed Duvessa
  3086 | D:4      | Reached XP level 7. HP: 45/45 MP: 7/7
  3087 | D:4      | Killed Dowan
  3455 | D:4      | Found Rynawk's Magic Scroll Shoppe.
  3460 | D:4      | Bought a scroll of blinking for 82 gold pieces
  3460 | D:4      | Bought a scroll of teleportation for 33 gold pieces
  3460 | D:4      | Bought a scroll of identify for 22 gold pieces
  3460 | D:4      | Bought a scroll of identify for 22 gold pieces
  3487 | D:5      | Entered Level 5 of the Dungeon
  3575 | D:5      | Noticed Sigmund
  3601 | D:5      | Killed Sigmund
  3601 | D:5      | Reached skill level 5 in Short Blades
  3697 | D:5      | Reached skill level 9 in Stealth
  3819 | D:5      | Noticed Grinder
  3827 | D:5      | Killed Grinder
  3827 | D:5      | Reached XP level 8. HP: 50/50 MP: 8/8
  3836 | D:5      | Reached skill level 5 in Dodging
  3961 | D:6      | Found Oxyeshry's Book Boutique.
  4394 | D:6      | Reached skill level 10 in Stealth
  4869 | D:6      | Got a translucent shield
  4875 | D:6      | Identified the +3 shield of Iwif {MP+9 Str+2} (You found it on level 6 of the Dungeon)
  4941 | D:6      | Reached skill level 1 in Shields
  4952 | D:6      | Found a blossoming altar of Fedhas.
  5094 | D:6      | Reached XP level 9. HP: 33/54 MP: 9/9
  5589 | D:6      | Found an iron altar of Okawaru.
  6379 | D:5      | Noticed Edmund
  6386 | D:5      | Killed Edmund
  6503 | D:7      | Found a glowing silver altar of Zin.
  6666 | D:7      | Found a deep blue altar of Sif Muna.
  6679 | D:7      | Found a hazy altar of Hepliaklqana.
  6683 | D:7      | Became a worshipper of Hepliaklqana
  6816 | D:7      | Reached skill level 5 in Shields
  7074 | D:7      | Found an opulent altar of Gozag.
  7168 | D:7      | Found a staircase to the Ecumenical Temple.
  7454 | D:8      | Noticed Prince Ribbit
  8042 | D:8      | Noticed Prince Ribbit
  8042 | D:8      | Prince Ribbit changed into Prince Ribbit the yak
  8060 | D:8      | Killed Prince Ribbit the yak
  8220 | D:8      | Noticed a two-headed ogre
  8239 | D:8      | Killed a two-headed ogre
  8635 | D:8      | Reached * piety under Hepliaklqana
  8677 | D:8      | Reached skill level 11 in Stealth
  8684 | D:8      | Reached XP level 10. HP: 30/63 MP: 8/10
 10003 | D:9      | Reached skill level 5 in Fighting
 10023 | D:9      | Found a bloodstained altar of Trog.
 10082 | D:9      | Reached ** piety under Hepliaklqana
 10083 | D:9      | Remembered your ancestor Xiuhtonal's a hexer death
 10257 | D:9      | Reached skill level 12 in Stealth
 11073 | D:10     | Entered Level 10 of the Dungeon
 11086 | D:10     | Found Neaz's Antique Armour Emporium.
 11113 | D:10     | Found a white marble altar of Elyvilon.
 11148 | D:10     | Noticed a hill giant
 11158 | D:10     | Killed a hill giant
 11158 | D:10     | Reached XP level 11. HP: 75/75 MP: 11/11
 11316 | D:10     | Noticed Leszczynek's ghost (novice OpMo)
 11354 | D:10     | Killed Leszczynek's ghost
 11561 | D:10     | Found a staircase to the Orcish Mines.
 11716 | D:10     | Found an oddly glowing altar of Pakellas.
 11717 | D:10     | Noticed a sphinx
 11740 | D:10     | Killed a sphinx
 11869 | D:11     | Noticed Harold
 11872 | D:11     | Noticed Fannar
 11898 | D:11     | Reached skill level 13 in Stealth
 12453 | D:10     | Killed Fannar
 12776 | D:11     | Found a staircase to the Lair.
 12868 | D:11     | Noticed a death knight
 12876 | D:11     | Noticed a cyan ugly thing
 12900 | D:11     | Killed a death knight
 12915 | D:11     | Killed a cyan ugly thing
 12915 | D:11     | Reached skill level 10 in Short Blades
 13303 | D:11     | Noticed a manticore
 13310 | D:11     | Killed a manticore
 13613 | D:11     | Killed Harold
 13923 | D:11     | Reached skill level 14 in Stealth
 14138 | Lair:1   | Entered Level 1 of the Lair of Beasts
 14157 | Lair:1   | Reached XP level 12. HP: 85/85 MP: 12/12
 14210 | Lair:1   | Noticed Gastronok
 14215 | Lair:1   | Killed Gastronok
 14535 | Lair:1   | Reached *** piety under Hepliaklqana
 15311 | Lair:2   | Noticed a six-headed hydra
 15322 | Lair:2   | Killed a six-headed hydra
 15470 | Lair:2   | Reached skill level 15 in Stealth
 16126 | Lair:3   | Reached **** piety under Hepliaklqana
 16209 | Lair:3   | Reached XP level 13. HP: 67/92 MP: 13/13
 16301 | Lair:3   | Learned a level 8 spell: Controlled Blink
 16366 | Lair:3   | Reached skill level 1 in Invocations
 16366 | Lair:3   | Reached skill level 1 in Evocations
 16428 | Lair:3   | Found a staircase to the Shoals.
 16463 | Lair:3   | Learned a level 2 spell: Ensorcelled Hibernation
 16534 | Lair:3   | Found a dark tunnel.
 16996 | Lair:4   | Reached skill level 1 in Hexes
 17010 | Lair:4   | Reached skill level 1 in Spellcasting
 17010 | Lair:4   | Reached skill level 1 in Ice Magic
 17025 | Lair:4   | Reached ***** piety under Hepliaklqana
 17106 | Lair:4   | Learned a level 3 spell: Ozocubu's Armour
 17218 | Lair:4   | Reached skill level 10 in Shields
 18762 | Lair:5   | Identified a scroll of acquirement
 18763 | Lair:5   | Got a faintly glowing glass ring
 18764 | Lair:5   | Identified the ring "Holeoxoe" {+Fly Int+3} (You acquired it on level 5 of the Lair of Beasts)
 19300 | Lair:6   | Found a hole to the Spider Nest.
 19514 | Lair:6   | Learned a level 1 spell: Apportation
 19517 | Lair:6   | Learned a level 2 spell: Blink
 19520 | Lair:6   | Learned a level 2 spell: Shroud of Golubria
 19658 | Lair:6   | Found a viscous altar of Jiyva.
 19659 | Lair:6   | Found a staircase to the Slime Pits.
 19793 | Lair:6   | Noticed an ice dragon
 19813 | Lair:6   | Killed an ice dragon
 19813 | Lair:6   | Reached XP level 14. HP: 95/98 MP: 18/18
 19898 | Lair:7   | Found a snail-covered altar of Cheibriados.
 19920 | Lair:7   | Reached ****** piety under Hepliaklqana
 20106 | Lair:7   | Got a glittering copper amulet
 20126 | Lair:7   | Identified the amulet "Letiz" {Gourm rN+ Str+4 Slay-4} (You found it on level 7 of the Lair of Beasts)
 20508 | Lair:8   | Entered Level 8 of the Lair of Beasts
 21017 | Lair:8   | Reached skill level 5 in Invocations
 21065 | Lair:8   | Reached skill level 5 in Hexes
 21661 | Lair:8   | Reached skill level 5 in Evocations
 21890 | Lair:8   | HP: 3/98 [death yak (5)]
 22322 | Lair:8   | Reached skill level 5 in Ice Magic
 23906 | D:13     | Found a gate to the Vaults.
 24138 | D:13     | HP: 3/98 [deep elf mage/bolt of negative energy (33)]
 24350 | Orc:1    | Entered Level 1 of the Orcish Mines
 24443 | Orc:2    | Entered Level 2 of the Orcish Mines
 24443 | Orc:2    | Found a staircase to the Elven Halls.
 24446 | Orc:2    | Found Oshi Yna's Weapon Shoppe.
 24523 | Orc:2    | Found a roughly hewn altar of Beogh.
 24556 | Orc:2    | Found Erpha Tor's Antique Weapon Emporium.
 24697 | Orc:1    | Found a frozen archway.
 24985 | IceCv    | Entered an ice cave
 25159 | IceCv    | Reached XP level 15. HP: 103/103 MP: 21/21
 25160 | IceCv    | Buggy note description: unknown note type
 25745 | IceCv    | Noticed a frost giant
 25897 | IceCv    | Killed a frost giant
 26028 | IceCv    | Identified the Incunabulum of Necromancy and Intoxication (You found it in an ice cave)
 26304 | Orc:1    | Learned a level 4 spell: Ice Form
 26648 | Orc:2    | Found Raer's Food Emporium.
 26718 | Orc:2    | Found Ikhoguok's Food Shoppe.
 26771 | Orc:2    | Found Reginat's Distillery.
 26771 | Orc:2    | Found Bakikeod's Antique Weapon Shoppe.
 26771 | Orc:2    | Found Seopn's Distillery.
 27175 | Orc:2    | Found Yckynk's Food Shop.
 27179 | Orc:2    | Bought a potion of curing for 39 gold pieces
 27179 | Orc:2    | Bought a potion of curing for 39 gold pieces
 27182 | Orc:2    | Bought a potion of heal wounds for 60 gold pieces
 27182 | Orc:2    | Bought a potion of heal wounds for 60 gold pieces
 27182 | Orc:2    | Bought a potion of agility for 48 gold pieces
 27182 | Orc:2    | Bought a potion of invisibility for 96 gold pieces
 27799 | D:13     | Found a portal to a secret trove of treasure.
 28101 | D:14     | Found a labyrinth entrance.
 28139 | D:14     | Noticed Frances
 28157 | D:14     | Killed Frances
 28157 | D:14     | Reached skill level 10 in Fighting
 28159 | D:14     | Reached skill level 1 in Translocations
 28202 | Lab      | Entered a labyrinth
 28537 | Lab      | Remembered your ancestor Xiuhtonal as Int
 29117 | D:14     | Reached XP level 16. HP: 94/109 MP: 22/22
 29379 | D:15     | Entered Level 15 of the Dungeon
 30149 | D:15     | Found a blossoming altar of Fedhas.
 30156 | D:15     | Got a fine platinum ring
 30158 | D:15     | Identified the ring "Wooddoin" {*Drain rN+ Int+5 Dex+3 SInv} (You acquired it on level 15 of the Dungeon)
 30225 | D:15     | Noticed Roxanne
 30306 | D:15     | Reached skill level 16 in Stealth
 30315 | D:15     | Gained mutation: You are partially covered in molten scales. (AC +1) [potion of beneficial mutation]
 30727 | Spider:1 | Entered Level 1 of the Spider Nest
 31635 | Spider:2 | Got an encrusted falchion
 31636 | Spider:2 | Identified the +3 falchion of Sopemidi {flame, rElec rF+} (You found it on level 2 of the Spider Nest)
 31656 | Spider:2 | Reached skill level 17 in Stealth
 32477 | D:15     | Found a staircase to the Depths.
 32657 | D:15     | Killed Roxanne
 32659 | D:15     | Identified Roxanne's Handbook of Transmigration (You took it off Roxanne on level 15 of the Dungeon)
 32734 | Depths:1 | Entered Level 1 of the Depths
 32743 | Depths:1 | Reached skill level 10 in Dodging
 32786 | D:15     | Upgraded the game from 0.19-a0-347-g6bb00b2 to 0.19-a0-376-gf780d9b
 32921 | Depths:1 | Reached skill level 18 in Stealth
 33457 | Elf:1    | Entered Level 1 of the Elven Halls
 33460 | Elf:1    | Reached XP level 17. HP: 116/116 MP: 23/23
 33797 | Elf:1    | Found a magical portal.
 33808 | WizLab   | Entered Wucad Mu's Monastery
 34132 | Elf:1    | Reached skill level 19 in Stealth
 34210 | Elf:1    | Reached skill level 15 in Shields
 34529 | Elf:2    | Found a huge runed gate.
 34529 | Elf:2    | Found a huge runed gate.
 34529 | Elf:2    | Found a huge runed gate.
 34532 | Elf:2    | Found a huge runed gate.
 34533 | Elf:2    | Found a huge runed gate.
 35206 | Elf:3    | Entered Level 3 of the Elven Halls
 36173 | Spider:3 | Reached skill level 20 in Stealth
 37272 | Spider:3 | Slain by a spark wasp

Vault maps used:
D:1:      dpeg_arrival_tiny_h, minmay_surrounded
D:2:      nicolae_tso_swordbearing_angel, small_statue_intersection
D:3:      marbit_many_paths, grunt_dithmenos_smoke_and_mirrors,
          portal_sewer_entry_d, kennysheep_generic_room_14
D:4:      serial_shops, kennysheep_little_box, kennysheep_generic_room_4,
          uniq_duvessa
D:5:      first_bread, water_maze_lemuel, uniq_grinder, uniq_edmund,
          uniq_sigmund
D:6:      nicolae_overflow_crystal_walls, old_standard_altar, serial_shops,
          shop, kennysheep_generic_room_13
D:7:      nicolae_overflow_quartered_altars,
          minmay_temple_entry_statues_pillars, st_stairs_7
D:8:      the_bakery, uniq_prince_ribbit1
D:9:      lemuel_doored_altar, amalloy_card_club
D:10:     orc_0_dummy, basic_altar, serial_shops, shop,
          gammafunk_pakellas_spire_experiment
D:11:     erik_lair_island, uniq_harold, uniq_fannar
D:13:     lemuel_flame_loot_2, lightli_vaults_fourway_checkpoint, enter_trove_1
D:14:     grunt_decor_cap, lab_entry_generic, uniq_frances
D:15:     grunt_enter_depths_hoard, fedhas_altar_4, spider_trap, uniq_roxanne
Lair:1:   grunt_megastairs_5, uniq_gastronok
Lair:2:   minivault_25, serial_bayou_pond_b, grunt_forest_stairs_clearing,
          grunt_megastairs_3
Lair:3:   shoals_dummy_entry, nicolae_volcano_entry_vermiform,
          grunt_megastairs_4, infiniplex_staircase_pool_2
Lair:4:   serial_bayou_shore_b, infiniplex_staircase_pool
Lair:6:   nicolae_spider_entry_non_spiders, dpeg_slime_entry_enclosed_altar,
          bobbens_ice_dragon_lair
Lair:7:   kennysheep_snail_temple
Lair:8:   grunt_lair_end_beastmaster, grunt_megastairs_1
Spider:1: spider_trap
Spider:2: nicolae_orb_stairs
Orc:1:    portal_ice_cave_entry_animals_and_master
Orc:2:    st_orc_rangers, basic_altar, serial_shops, shop, nicolae_shop_crystal,
          shop_fountains, nicolae_shop_waterfront
Elf:1:    mu_enter_wizlab_6, evilmike_minifort
Elf:3:    elf_hall_gauntlet_narrow
Depths:1: grunt_hell_entry_dis_grunt, serial_bayou_crossing
Lab:      labyrinth_mini_lab, nicolae_lab_swirl, labyrinth_lava_lair,
          labyrinth_fake_exit, nicolae_lab_lava
Sewer:    sewer_the_crocodile
IceCv:    ice_cave_caverns_01
WizLab:   wizlab_wucad

Skill      XL: |  1  2  3  4  5  6  7  8  9 10 11 12 13 14 15 16 17 |
---------------+----------------------------------------------------+-----
Stealth        | 6 7 8 9 10 11 12 14 15 18 20 | 20.1
Short Blades   | 3 4 5 6 7 8 10 | 10.0
Dodging        | 2 3 4 5 6 8 10 11 | 11.4
Shields        | 2 6 9 11 12 13 14 15 | 15.0
Fighting       | 3 7 9 10 11 | 11.2
Invocations    | 4 6 8 |  8.0
Evocations     | 4 6 7 8 |  8.3
Hexes          | 4 6 |  6.6
Spellcasting   | 3 4 |  4.0
Ice Magic      | 3 5 7 |  7.4
Translocations | 2 4 |  4.2
Throwing       | |  2.0

Action                   |  1- 3 |  4- 6 |  7- 9 | 10-12 | 13-15 | 16-18 || total
-------------------------+-------+-------+-------+-------+-------+-------++-------
Melee: Dagger            |    68 |    84 |   286 |   672 |  1649 |   978 ||  3737
       Constrict         |    11 |    20 |    46 |   108 |   136 |    99 ||   420
       Tentacles         |     6 |    10 |    63 |   143 |   386 |   229 ||   837
 Fire: Blowgun           |       |     9 |    13 |       |     9 |       ||    31
Throw: Javelin           |       |       |       |       |     7 |       ||     7
 Cast: Ensorcelled Hiber |       |       |       |       |    25 |    58 ||    83
       Ozocubu's Armour  |       |       |       |       |     9 |     5 ||    14
       Shroud of Golubri |       |       |       |       |     1 |     1 ||     2
Invok: Ancestor Life: He |       |       |       |     1 |       |       ||     1
       Recall Ancestor   |       |       |       |       |     3 |       ||     3
       Transference      |       |       |       |       |     2 |       ||     2
Hexer: Paralyse          |       |       |       |       |     1 |       ||     1
Evoke: Wand              |       |     5 |    11 |    14 |     6 |       ||    36
       Deck              |       |       |       |       |     4 |       ||     4
       Phantom mirror    |       |       |       |       |       |     1 ||     1
  Use: Scroll            |     7 |     4 |    11 |    10 |    22 |     8 ||    62
       Potion            |       |     3 |     3 |     2 |     5 |     5 ||    18
 Stab: Sleeping          |    20 |    12 |    17 |    48 |   123 |    88 ||   308
       Distracted        |       |       |     4 |    10 |    17 |     5 ||    36
       Confused          |       |       |       |     7 |    13 |    13 ||    33
       Petrified         |       |       |       |       |     3 |       ||     3
       Invisible         |       |       |       |       |     9 |       ||     9
       Paralysed         |       |       |       |       |    27 |    23 ||    50
  Eat: Chunk             |     1 |     4 |     4 |    18 |    13 |     5 ||    45
       Fruit             |       |     2 |     4 |       |     3 |       ||     9
       Bread ration      |       |       |     2 |     1 |     4 |     4 ||    11
       Pizza             |       |       |     1 |     1 |     3 |       ||     5
       Beef jerky        |       |       |       |       |     3 |     2 ||     5
       Royal jelly       |       |       |       |       |       |     1 ||     1
Armor: Skin              |     5 |     1 |     4 |    19 |    35 |    90 ||   154
Dodge: Dodged            |    23 |    29 |    83 |   147 |   384 |   391 ||  1057
Block: Shield            |       |       |    69 |   220 |   632 |   554 ||  1475
